 Dungeon Crawl Stone Soup version 0.25.1-2-g60ff931df9 (webtiles) character file.

Game seed: 6289470907959338923

104 DogServant the Poker (level 4, 0/35 HPs)
             Began as a Merfolk Gladiator on Nov 11, 2020.
             Slain by an adder (5 damage)
             ... on level 3 of the Dungeon.
             The game lasted 00:01:33 (2353 turns).

DogServant the Poker (Merfolk Gladiator)            Turns: 2353, Time: 00:01:34

Health: 0/35       AC:  4    Str: 15    XL:     4   Next: 80%
Magic:  4/4        EV: 14    Int:  7    God:
Gold:   72         SH:  0    Dex: 15    Spells: 3/3 levels left

rFire    . . .     SeeInvis .   a - +0 trident
rCold    . . .     Gourm    .   (no shield)
rNeg     . . .     Faith    .   b - +0 leather armour
rPois    .         Spirit   .   c - +0 helmet
rElec    .         Reflect  .   (no cloak)
rCorr    .         Harm     .   (no gloves)
MR       .....                  (no boots)
Stlth    +.........             (no amulet)
HPRegen  0.11/turn              (no ring)
MPRegen  0.09/turn              (no ring)

@: lethally poisoned (0 -> -21)
A: change form in water, swift swim, stealthy swim
a: no special abilities


You were on level 3 of the Dungeon.
You were not hungry.

You visited 1 branch of the dungeon, and saw 3 of its levels.

You collected 72 gold pieces.

Inventory:

Hand Weapons
 a - a +0 trident (weapon)
Missiles
 d - 3 throwing nets (quivered)
 l - 14 poisoned darts
Armour
 b - a +0 leather armour (worn)
 c - a +0 helmet (worn)
Scrolls
 j - 2 scrolls of fog {unknown}
 k - 5 scrolls of identify {unknown}
 n - 2 scrolls of remove curse {unknown}
 o - 2 scrolls of magic mapping {unknown}
Potions
 e - 2 potions of flight {unknown}
 g - a potion of cancellation {unknown}
 h - 3 potions of heal wounds {unknown}
 m - 2 potions of stabbing {unknown}
 p - a potion of lignification {unknown}
 q - a potion of invisibility {unknown}
 r - a potion of curing {unknown}
 s - a potion of might {unknown}
Comestibles
 f - 3 rations


   Skills:
 + Level 3.1 Fighting
 * Level 6.4 Polearms
 - Level 2.0 Throwing
 + Level 4.9 Dodging


You had 3 spell levels left.
You didn't know any spells.
Your spell library was empty.

Dungeon Overview and Level Annotations

Branches:
Dungeon (3/15)

Altars:
Gozag
Nemelex Xobeh
The Shining One


Message History

You closely miss the adder.
The adder is lightly wounded.
You feel sick. The kobold hits you but does no damage. The adder bites you.
* * * LOW HITPOINT WARNING * * *
You are more poisoned.
The adder poisons you!
You hit the adder.
The adder is heavily wounded.
* * * LOW HITPOINT WARNING * * *
You feel sick. The kobold barely misses you. The adder bites you.
* * * LOW HITPOINT WARNING * * *
All of the chunks of flesh in your inventory have rotted away.
You miss the adder.
The adder is heavily wounded.
* * * LOW HITPOINT WARNING * * *
You feel sick. The adder bites you.
* * * LOW HITPOINT WARNING * * *
You are more poisoned.
The adder poisons you! The kobold barely misses you. The adder bites you.
You die...

###..................#
..#..................##
. .'.........)..........
.. #.....(............#
...##......#####)..#####
#..............+........
...........#####...#####
........#### #...#
......K@# ######...##
......S†# #.....#...#..
.......?# #.........o...
........# #.............
........# #.............
........# #.............
........# #.............
#.#########.....####....
#.....)...# ...


You could see an adder and a kobold.

Vanquished Creatures
  4 adders (D:2)
  An ooze (D:2)
  4 worms (D:2)
  4 leopard geckos
  A ball python (D:3)
  4 bats
  4 goblins
  8 hobgoblins
  A jackal (D:3)
  9 kobolds
  A quokka (D:2)
  2 frilled lizards (D:2)
  3 rats
46 creatures vanquished.

Notes
Turn   | Place    | Note
-------+----------+-------------------------------------------
     0 | D:1      | DogServant the Merfolk Gladiator began the quest for the
                  | Orb.
     0 | D:1      | Reached XP level 1. HP: 16/16 MP: 1/1
   136 | D:1      | Reached XP level 2. HP: 3/23 MP: 2/2
   522 | D:1      | Reached skill level 5 in Polearms
  1089 | D:2      | Reached XP level 3. HP: 28/28 MP: 3/3
  1582 | D:2      | Reached XP level 4. HP: 23/34 MP: 4/4
  1881 | D:2      | Reached skill level 6 in Polearms
  1999 | D:2      | Found a sparkling altar of Nemelex Xobeh.
  2001 | D:2      | Found an opulent altar of Gozag.
  2001 | D:2      | Found a glowing golden altar of the Shining One.
  2353 | D:3      | Slain by an adder

Illustrated notes

Levels and vault maps discovered:
D:1:      lightli_arrival_noodles, layout_loops_ring
D:2:      layout_basic, grunt_temple_overflow_diamond
D:3:      layout_basic

Skill      XL: |  1  2  3  4 |
---------------+-------------+-----
Polearms       | 5 6 |  6.4
Fighting       | 3 |  3.1
Throwing       | |  2.0
Dodging        | |  4.9

Action                   |  1- 3 |  4- 6 || total
-------------------------+-------+-------++-------
Melee: Trident           |   108 |    53 ||   161
 Stab: Sleeping          |       |     1 ||     1
  Eat: Chunk             |     2 |     3 ||     5
Armor: Leather armour    |    15 |     9 ||    24
Dodge: Dodged            |    62 |    27 ||    89
